 Dungeon Crawl Stone Soup version 0.31-a0-345-g1ebeae05c6 (webtiles) character file.

Game seed: 15277051174681024788

368921 Gelion the Skinwalker (level 21, -4/346 HPs)
             Began as a Troll Shapeshifter on July 23, 2023.
             Was an Initiate of Gozag.
             Slain by a quicksilver ooze (7 damage)
             ... on level 3 of the Pits of Slime.
             The game lasted 01:45:30 (38679 turns).

Gelion the Skinwalker (Troll Shapeshifter)         Turns: 38679, Time: 01:45:31

Health: -4/346     AC: 22    Str: 29    XL:     21   Next: 65%
Magic:  0/20       EV:  1    Int:  4    God:    Gozag
Gold:   5970       SH:  0    Dex: 20    Spells: 20/20 levels left

rFire   + .          .
                       - Unarmed
rCold   + . .        (no shield)
rNeg    . . .        a - melded +0 animal skin
rPois   +            L - melded +1 hat "Vihy" {rElec rPois Dex+2}
rElec   .            x - melded scarf {rC+ rF+}
rCorr   +            (gloves unavailable)
SInv    .            (boots unavailable)
Will    +....        d - amulet of reflection
Stlth   +            P - ring of resist corrosion
HPRegen 1.57/turn    o - ring "Caymoll" {rF+ rC+ Dex+2}
MPRegen 0.17/turn

%: reflection
@: confused, tree-form, engulfed, corroded, studying 2 skills
A: stationary, stasis, torment immunity, boosted hp, large, unfitting armour,
(claws 3), regeneration 1, (shaggy fur 1), (tough skin 1), (iridescent scales
1), (cold resistance 2), mutation resistance 1, (poison resistance), subdued
magic 1
}: 2/15 runes: decaying, serpentine
a: Renounce Religion, Potion Petition, Call Merchant, Bribe Branch


You were on level 3 of the Pits of Slime.
You worshipped Gozag.
Gozag was greatly pleased with you.
You were a tree.
You visited 8 branches of the dungeon, and saw 40 of its levels.
You visited the Abyss 1 time.
You also visited: Gauntlet and Ice Cave.

You collected 19657 gold pieces.
You spent 5956 gold pieces at shops.
You paid 7731 gold pieces to Gozag.

Inventory:

Missiles
 v - 3 throwing nets
 y - 14 javelins
 J - 33 large rocks
 M - 4 silver javelins
Armour
 a - a +0 animal skin (melded)
 x - a scarf of resistance (melded)
 K - a +0 tower shield
 L - the +1 hat "Vihy" (melded) {rElec rPois Dex+2}
   (You found it in a Gauntlet)

   Dex:       It affects your dexterity (+2).
   rElec:     It insulates you from electricity.
   rPois:     It protects you from poison.
 N - the +4 moon troll leather armour {Spirit, Regen++ MP+5}
   (You found it in a Gauntlet)

   MP:        It affects your magic capacity (+5).
   Regen:     It increases your rate of health regeneration.
Jewellery
 d - an amulet of reflection (around neck)
 o - the ring "Caymoll" (right branch) {rF+ rC+ Dex+2}
   (You found it on level 3 of the Depths)

   [ring of protection from cold]

   Dex:       It affects your dexterity (+2).
   rF:        It protects you from fire.
   rC:        It protects you from cold.
 r - the ring of the Kappa {rC++ MP+9 EV+5 Stlth+}
   (You bought it in a shop on level 4 of the Depths)

   [ring of evasion]

   EV:        It affects your evasion (+5).
   rC:        It greatly protects you from cold.
   MP:        It affects your magic capacity (+9).
   Stlth:     It makes you more stealthy.
 t - the amulet of Happiness {Faith Harm +Blink Regen+ Dex+3}
   (You found it on level 3 of the Elven Halls)

   [amulet of faith]

   It allows you to gain divine favour quickly.
   Dex:       It affects your dexterity (+3).
   +Blink:    It lets you blink.
   Regen:     It increases your rate of health regeneration.
   Harm:      It increases damage dealt and taken.
 B - the ring "Ixearel" {rC+ Will+}
   (You found it in a Gauntlet)

   [ring of protection from cold]

   rC:        It protects you from cold.
   Will:      It increases your willpower.
 P - a ring of resist corrosion (left branch)
Talismans
 p - a dragon-blood talisman
 E - a granite talisman
Wands
 e - a wand of quicksilver (15)
 i - a wand of digging (16)
 q - a wand of mindburst (40)
 u - a wand of charming (42)
 I - a wand of iceblast (38)
 R - a wand of flame (49)
 W - a wand of polymorph (8)
Scrolls
 f - 12 scrolls of teleportation
 g - 4 scrolls of fog
 k - 6 scrolls of amnesia
 n - 4 scrolls of enchant weapon
 C - 22 scrolls of identify
 D - 6 scrolls of fear
 F - a scroll of enchant armour
 H - 3 scrolls of poison
 Q - a scroll of silence
 S - 5 scrolls of revelation
Potions
 b - 5 potions of lignification
 c - 3 potions of brilliance
 h - 6 potions of attraction
 j - 2 potions of cancellation
 l - 5 potions of curing
 m - 6 potions of haste
 s - 2 potions of resistance
 w - 5 potions of mutation
 z - 7 potions of invisibility
 A - 6 potions of ambrosia
 G - 5 potions of might
 U - 4 potions of enlightenment
 X - 4 potions of berserk rage
 Y - 5 potions of heal wounds
Miscellaneous
 O - a phantom mirror


   Skills:
 + Level 18.4 Fighting
 + Level 12.6 Dodging
 + Level 1.1 Shields
 + Level 19.6 Unarmed Combat
 * Level 22.9 Shapeshifting


You had 20 spell levels left.
You didn't know any spells.
Your spell library contained the following spells:

 Spells                   Type           Power      Damage    Failure   Level
 Apportation              Tloc           0%         N/A       45%         1
 Foxfire                  Conj/Fire      0%         2x1d4     45%         1
 Kiss of Death            Conj/Necr      0%         2d5       45%         1
 Necrotise                Necr           0%         1d4       45%         1
 Summon Small Mammal      Summ           0%         N/A       45%         1
 Call Imp                 Summ           0%         N/A       61%         2
 Cigotuvi's Dreadful Rot  Necr/Pois/Air  0%         N/A       61%         2
 Poisonous Vapours        Pois/Air       0%         N/A       61%         2
 Scorch                   Fire           0%         2d5       61%         2
 Static Discharge         Conj/Air       0%         2-2/arc   61%         2
 Call Canine Familiar     Summ           0%         N/A       83%         3
 Confusing Touch          Hex            0%         N/A       83%         3
 Inner Flame              Hex/Fire       0%         N/A       83%         3
 Mephitic Cloud           Conj/Pois/Air  0%         N/A       83%         3
 Ozocubu's Armour         Ice            0%         N/A       83%         3
 Portal Projectile        Hex/Tloc       0%         N/A       83%         3
 Tukima's Dance           Hex            0%         N/A       83%         3
 Vampiric Draining        Necr           0%         2d6       83%         3
 Vhi's Electric Charge    Tloc/Air       0%         N/A       83%         3
 Airstrike                Air            0%         2d(0-16)  99%         4
 Anguish                  Hex/Necr       0%         N/A       99%         4
 Animate Armour           Summ/Erth      0%         N/A       99%         4
 Cause Fear               Hex            0%         N/A       99%         4
 Dispel Undead            Necr           0%         3d6       99%         4
 Flame Wave               Conj/Fire      0%         2d4       99%         4
 Iskenderun's Mystic Bla  Conj/Tloc      0%         2d3       99%         4
 Leda's Liquefaction      Hex/Erth       0%         N/A       99%         4
 Sticky Flame             Conj/Fire      0%         2d3       99%         4
 Summon Lightning Spire   Summ/Air       0%         N/A       99%         4
 Agony                    Necr           0%         N/A       100%        5
 Alistair's Intoxication  Tmut/Pois      0%         N/A       100%        5
 Arcjolt                  Conj/Air       0%         1d10      100%        5
 Borgnjor's Vile Clutch   Necr/Erth      0%         N/A       100%        5
 Fireball                 Conj/Fire      0%         3d3       100%        5
 Freezing Cloud           Conj/Ice/Air   0%         6-21      100%        5
 Iskenderun's Battlesphe  Conj           0%         2d6       100%        5
 Lee's Rapid Deconstruct  Erth           0%         3d4*      100%        5
 Metabolic Englaciation   Hex/Ice        0%         N/A       100%        5
 Silence                  Hex/Air        0%         N/A       100%        5
 Summon Mana Viper        Hex/Summ       0%         N/A       100%        5
 Conjure Ball Lightning   Conj/Air       0%         3x3d6     100%        6
 Death Channel            Necr           0%         N/A       100%        6
 Eringya's Noxious Bog    Tmut/Pois      0%         4d6       100%        6
 Leda's Unmaking          Conj/Erth      0%         9d1       100%        6
 Plasma Beam              Fire/Air       0%         2x1d10    100%        6
 Starburst                Conj/Fire      0%         6d3       100%        6
 Enfeeble                 Hex            0%         N/A       100%        7
 Malign Gateway           Summ/Tloc      0%         N/A       100%        7
 Orb of Destruction       Conj           0%         9d5       100%        7
 Ozocubu's Refrigeration  Ice            0%         4d7       100%        7
 Summon Hydra             Summ           0%         N/A       100%        7
 Maxwell's Capacitive Co  Air            0%         ∞         100%        8
 Summon Horrible Things   Summ           0%         N/A       100%        8
 Chain Lightning          Conj/Air       0%         N/A       100%        9
 Fire Storm               Conj/Fire      0%         5d1       100%        9
 Shatter                  Erth           0%         3d5*      100%        9


Dungeon Overview and Level Annotations

Branches:
Dungeon (15/15)            Temple (0/1) D:4            Lair (5/5) D:8
  Swamp (4/4) Lair:3        Snake (4/4) Lair:2        Slime (3/5) Lair:4
    Orc (2/2) D:10            Elf (3/3) Orc:2        Vaults (0/5) D:13
 Depths (4/4) D:15            Zot (0/5) Depths:4      IceCv (visited)
Gauntlet (visited)

Altars:
Dithmenos
Fedhas
Gozag
Kikubaaqudgha
Makhleb
Nemelex Xobeh
Qazlal
Uskayaw
Wu Jian
Yredelemnul
Zin
Jiyva

Shops:
D:9 :   D:10 =   D:13 (   Orc:2 :[([*   Elf:1 *:(   Elf:3 (   Snake:3 [
Depths:3 *   Depths:4 !=?*

Portals:
Hell: Depths:1 Depths:2 Depths:3 Depths:4
Abyss: Depths:1 Depths:2 Depths:3
Pandemonium: Depths:2 Depths:3 Depths:4
Ziggurat: Depths:3

Annotations:
Lair:1 3 runed translucent doors, howech's ghost, journeyman MiBe


Innate Abilities, Weirdness & Mutations

You are a tree.
Your roots penetrate the ground, keeping you stationary.
You cannot be teleported.
You are immune to unholy pain and torment.
Your maximum health is greatly increased.
Your equipment is partially melded.
You are too large for most types of armour.
You are immune to poison.
((You have claws for hands.))
Your natural rate of healing is unusually fast.
((You are covered in fur. (AC +1)))
((You have tough skin. (AC +1)))
((You are partially covered in iridescent scales. (AC +2)))
((Your flesh is very cold resistant. (rC++)))
You are somewhat resistant to further mutation.
((Your system is resistant to poisons. (rPois)))
Your spells are a little easier to cast, but a little less powerful.


Message History

The splash of acid hits you. You resist.
* * * LOW HITPOINT WARNING * * *
The acid corrodes you!
The quicksilver ooze completely misses you.
The quicksilver ooze hits you!
* * * LOW HITPOINT WARNING * * *
The golden eye blinks at you.
You are confused.
Really quaff the potion of lignification?
You revert to your normal fleshy form.
Your +0 animal skin unmelds from your body.
You turn into a tree.
Your scarf of resistance melds into your body.
The +1 hat "Vihy" {rElec rPois Dex+2} melds into your body.
Your +0 animal skin melds into your body.
You feel hot and cold all over.
Your roots penetrate the ground.
The golden eye seems to regain its courage.
The golden eye blinks at you. You resist with almost no effort.
The quicksilver ooze hits you!
* * * LOW HITPOINT WARNING * * *
The quicksilver ooze completely misses you.
The large slime creature hits you but does no damage.
The golden eye blinks at you.
You easily resist.
The rockslime hits you but does no damage.
The acid blob hits you!
* * * LOW HITPOINT WARNING * * *
You are splashed with acid.
You resist.
* * * LOW HITPOINT WARNING * * *
The golden eye blinks at you.
You easily resist.
The slime creature hits you but does no damage.
The golden eye blinks!
The very large slime creature hits you!
* * * LOW HITPOINT WARNING * * *
Two slime creatures merge to form an enormous slime creature.
The quicksilver ooze hits you!
* * * LOW HITPOINT WARNING * * *
The quicksilver ooze hits you!
You die...
Your body crumbles into a pile of gold.

### # ##.## #. ##
#§§§##
.##.##.##§§§.#
........#JJJ##
#...§J♣J§##
##..$.JGJ.§##.
#....<§G§§§....
.....#....J..##..
..........G..##
.. .............#
. ...............
................
.##...>.......#.


You could see an acid blob, an enormous slime creature, a large slime creature,
3 slime creatures, a rockslime, a quicksilver ooze and 3 golden eyes.

Vanquished Creatures
  Bai Suzhen (Snake:2)
  the Lernaean hydra (Swamp:4)
  Vashnia (Snake:3)
  A caustic shrike (Depths:2)
  3 golden dragons
  A pearl dragon (Depths:3)
  Zenata (Elf:1)
  A tentacled monstrosity (Swamp:3)
  A titan (Depths:2)
  A walking divine tome (Depths:2)
  A walking frostbound tome (Depths:2)
  2 deep elf master archers (Elf:3)
  5 deep elf blademasters
  A quicksilver dragon (Depths:2)
  3 acid blobs (Slime:2)
  2 sphinxes (Depths:2)
  4 shadow dragons
  2 tentacled starspawn (Abyss:2)
  Gastronok (Orc:1)
  3 thorn hunters
  A tengu reaver (Depths:1)
  Aizul (Snake:3)
  Donald (Elf:2)
  A fenstrider witch (Swamp:3)
  A rockslime (Slime:1)
  3 fire giants
  7 nagarajas (Snake:4)
  7 deep elf sorcerers
  6 frost giants
  4 iron dragons
  2 draconian shifters (Depths:4)
  A balrug (Depths:2)
  A spriggan defender (Depths:3)
  A quicksilver ooze (Slime:3)
  4 stone giants
  4 deep elf elementalists
  17 very ugly things
  2 broodmothers (shapeshifter) (Depths:2)
  2 vampire knights (Depths:2)
  6 eleionomae
  A green draconian (Depths:4)
  10 bunyips
  5 deep elf demonologists
  A black draconian (Depths:4)
  A wendigo (Depths:3)
  A yellow draconian (Depths:4)
  4 deep elf annihilators (Elf:3)
  8 spark wasps
  A minotaur (Gauntlet)
  2 white draconians
  An eidolon (Abyss:2)
  6 ettins
  Snorg (D:10)
  3 blizzard demons
  A green death (Gauntlet)
  4 deep elf death magi (Elf:3)
  8 fire dragons
  7 rakshasas
  A hell beast (Depths:2)
  2 shambling mangroves (Swamp:4)
  3 deep elf high priests (Elf:3)
  Josephine (D:10)
  Harold (D:8)
  8 vault guards (D:13)
  16 hydras
  5 ice dragons
  3 ghost crabs
  4 anacondas
  An ogre mage (D:15)
  6 spriggan air magi
  2 caustic shrike simulacra
  3 centaur warriors
  A death knight (D:14)
  2 salamander tyrants (Snake:4)
  6 boulder beetles
  A catoblepas (Lair:5)
  9 alligators
  9 two-headed ogres
  A two-headed ogre (shapeshifter) (Depths:3)
  22 dancing weapons
  6 tengu warriors
  15 naga warriors
  6 deep troll shamans
  4 vampire magi
  11 death yaks
  6 deep troll earth magi
  11 shock serpents
  A spriggan berserker (Depths:3)
  A demonic crawler (Abyss:2)
  An orc high priest (Orc:2)
  17 naga sharpshooters
  A soul eater (Depths:2)
  A wretched star (Abyss:2)
  Sonja (D:13)
  2 sun demons
  2 skysharks
  13 deep elf knights
  2 skeletal warriors (D:14)
  5 iron trolls
  A flayed ghost (Depths:3)
  6 spriggan simulacra (IceCv)
  3 salamander mystics
  5 glowing orange brains
  3 spriggan druids
  2 sea snakes (Snake:3)
  3 goliath frogs (Swamp:1)
  16 deep trolls
  2 quicksilver dragon simulacra
  An obsidian statue (IceCv)
  10 swamp dragons
  4 naga ritualists
  A wizard (Depths:1)
  3 bog bodies
  3 lindwurms (Swamp:4)
  3 orc knights
  A golden dragon skeleton (Depths:2)
  6 deep elf archers
  2 phantasmal warriors (D:14)
  5 starcursed masses (Abyss:2)
  31 deep elf pyromancers
  3 necromancers
  28 ugly things
  23 deep elf zephyrmancers
  A draconian zombie (Abyss:2)
  A wolf spider (D:11)
  3 mana vipers
  7 orc sorcerers
  7 cyclopes
  2 will-o-the-wisps
  4 worldbinders (Abyss:2)
  3 manticores
  19 salamanders
  17 slime creatures
  Joseph (D:10)
  18 naga magi
  5 guardian serpents
  A fire giant skeleton (Depths:2)
  13 elephants (Lair:5)
  A black mamba (shapeshifter) (D:11)
  An orange demon (Gauntlet)
  An apocalypse crab (Abyss:2)
  An ice statue (Gauntlet)
  29 black mambas
  3 gargoyles
  3 smoke demons (Abyss:2)
  19 cane toads
  3 centaur skeletons (D:15)
  A kobold demonologist (Abyss:2)
  Maggie (Lair:2)
  An eye of devastation (Slime:3)
  6 yaktaurs
  3 rime drakes
  2 tengu conjurers
  2 golden dragon simulacra (IceCv)
  11 komodo dragons
  A yaktaur (shapeshifter) (D:13)
  A spark wasp simulacrum (Depths:2)
  4 ancient zymes (Abyss:2)
  10 ice devils (IceCv)
  2 anaconda simulacra (IceCv)
  9 trolls
  A hellwing (Abyss:2)
  2 polar bears
  A queen bee (shapeshifter) (D:15)
  A wolf spider simulacrum (D:15)
  6 tyrant leeches
  10 hornets
  Sigmund (D:4)
  23 blink frogs
  6 flying skulls (Abyss:2)
  6 shadows
  8 spriggans
  2 air elementals
  2 ynoxinuls (Abyss:2)
  11 wraiths
  3 wyverns
  4 dire elephant simulacra (IceCv)
  7 fire bats
  5 water elementals
  4 basilisks
  10 large abominations (Abyss:2)
  56 yaks
  6 fire elementals
  A steam dragon (D:9)
  A chaos spawn (Abyss:2)
  4 golden eyes
  3 neqoxecs (Abyss:2)
  8 minotaur simulacra (IceCv)
  8 vampire mosquitoes
  A warg (D:10)
  A water moccasin (shapeshifter) (Elf:1)
  63 nagas
  A harpy simulacrum (IceCv)
  12 swamp worms
  16 water moccasins
  3 acid dragons
  5 hell hounds (Abyss:2)
  A floating eye (Depths:3)
  6 black bears
  18 orc warriors
  7 swamp drakes
  5 sky beasts
  An ice beast (Abyss:2)
  2 alligator simulacra (IceCv)
  An ettin simulacrum (IceCv)
  9 ogres
  5 boggarts (D:12)
  8 small abominations (Abyss:2)
  13 wolves
  8 centaurs
  A phantom (D:5)
  15 bullfrogs
  7 deep troll simulacra (IceCv)
  An earth elemental (Elf:1)
  A glowing shapeshifter simulacrum (Depths:3)
  A gnoll sergeant (D:8)
  3 scorpions
  19 wights
  18 killer bees
  A lindwurm simulacrum (IceCv)
  8 howler monkeys
  12 electric eels
  4 jellies (Lair:4)
  2 lava snakes (Lair:2)
  2 quasits (Abyss:2)
  A hound (D:7)
  17 orc priests
  Crazy Yiuf (D:7)
  Ijyb (D:4)
  An iron imp (Abyss:2)
  A sleepcap (D:7)
  5 iguanas
  40 orc wizards
  A boggart skeleton (D:15)
  7 adders
  3 gnolls (D:8)
  3 white imps
  2 ufetubi
  2 worms
  A dart slug (D:2)
  56 orcs
  8 endoplasms
  2 giant cockroaches
  7 goblins
  8 hobgoblins
  8 jackals (D:1)
  11 kobolds
  5 quokkas
  7 ball pythons
  3 bats (D:1)
  2 frilled lizards
  6 rats
  A lurking horror (Abyss:2)
  A starspawn tentacle (Abyss:2)
1460 creatures vanquished.

Vanquished Creatures (others)
  A deep elf high priest (Elf:3)
  A deep elf pyromancer (Elf:3)
  A deep elf zephyrmancer (Elf:3)
  A spark wasp simulacrum (Depths:3)
  A bloated husk (Swamp:1)
  A hornet (Swamp:4)
  A frost giant simulacrum (Depths:3)
  A swamp worm (Swamp:4)
  A swamp drake (Swamp:1)
  A quasit (Elf:3)
  2 orcs (Orc:2)
  6 foxfires
  A lurking horror (Abyss:2)
  3 starspawn tentacles (Abyss:2)
22 creatures vanquished.

Grand Total: 1482 creatures vanquished

Notes
Turn   | Place    | Note
-------+----------+-------------------------------------------
     0 | D:1      | Gelion the Troll Shapeshifter began the quest for the Orb.
     0 | D:1      | Reached XP level 1. HP: 18/18 MP: 0/0
    48 | D:1      | Reached skill level 1 in Fighting
    67 | D:1      | Reached XP level 2. HP: 24/27 MP: 1/1
   332 | D:1      | Reached XP level 3. HP: 33/33 MP: 2/2
   368 | D:1      | Found a faded altar of an unknown god.
   478 | D:2      | Reached XP level 4. HP: 36/41 MP: 3/3
   989 | D:3      | You fall into a shaft and drop 1 floor!
  1005 | D:4      | Reached skill level 4 in Shapeshifting
  1028 | D:4      | Reached XP level 5. HP: 48/49 MP: 4/4
  1424 | D:3      | Found a blossoming altar of Fedhas.
  1424 | D:3      | Found an opulent altar of Gozag.
  1434 | D:3      | Became a worshipper of Gozag Ym Sagoz the Greedy
  1727 | D:3      | Found an ancient bone altar of Kikubaaqudgha.
  1882 | D:4      | Noticed Sigmund
  1891 | D:4      | Killed Sigmund
  1892 | D:4      | Reached XP level 6. HP: 32/59 MP: 5/5
  1931 | D:4      | Noticed Ijyb
  1941 | D:4      | Killed Ijyb
  1942 | D:4      | Reached skill level 5 in Shapeshifting
  1942 | D:4      | Identified the +6 sling "Killer Klown's Foe" {drain, rPois
                  | rC+ Dex+3}
  2040 | D:4      | Found a staircase to the Ecumenical Temple.
  2217 | D:4      | Identified a scroll of acquirement
  2217 | D:4      | Acquired a ring of poison resistance
  2234 | D:5      | Entered Level 5 of the Dungeon
  2310 | D:5      | Reached XP level 7. HP: 42/67 MP: 6/6
  2497 | D:5      | Reached skill level 5 in Unarmed Combat
  2565 | D:5      | Reached skill level 6 in Shapeshifting
  2927 | D:5      | Reached XP level 8. HP: 45/78 MP: 7/7
  3477 | D:6      | Found a stormy altar of Qazlal.
  3685 | D:6      | Reached skill level 7 in Shapeshifting
  4095 | D:7      | Found a hide-covered altar of Uskayaw.
  4131 | D:7      | Reached XP level 9. HP: 78/87 MP: 8/8
  4554 | D:7      | Reached skill level 5 in Fighting
  4870 | D:7      | Found a runed translucent door.
  4871 | D:7      | Noticed Crazy Yiuf
  4877 | D:7      | Killed Crazy Yiuf
  4924 | D:8      | Found a transporter.
  4926 | D:8      | Found a transporter.
  4945 | D:8      | Reached skill level 8 in Shapeshifting
  4983 | D:8      | Noticed a komodo dragon
  4995 | D:8      | Killed a komodo dragon
  5213 | D:8      | Found a transporter.
  5215 | D:8      | Found a transporter.
  5336 | D:8      | Found a transporter.
  5339 | D:8      | Found a transporter.
  5539 | D:8      | Reached skill level 9 in Shapeshifting
  5579 | D:8      | Found a staircase to the Lair.
  5839 | D:9      | Noticed Harold
  5850 | D:8      | Killed Harold
  5851 | D:8      | Reached XP level 10. HP: 43/98 MP: 9/9
  6371 | D:9      | HP: 2/92 [killer bee (6)]
  6378 | D:9      | Reached skill level 10 in Shapeshifting
  6877 | D:9      | Found a burning altar of Makhleb.
  6973 | D:9      | Reached XP level 11. HP: 79/109 MP: 10/10
  7101 | D:10     | Entered Level 10 of the Dungeon
  7226 | D:10     | Found a staircase to the Orcish Mines.
  7229 | D:10     | Noticed Joseph
  7240 | D:10     | Killed Joseph
  7330 | D:10     | Noticed a two-headed ogre
  7347 | D:10     | Killed a two-headed ogre
  7348 | D:10     | Reached skill level 11 in Shapeshifting
  7373 | D:10     | Got the Compendium of Viperous Sparks
  7430 | D:10     | Found a sparkling altar of Nemelex Xobeh.
  7556 | D:10     | Found a glowing silver altar of Zin.
  7556 | D:10     | Noticed an angel
  7588 | D:10     | Found Ydwoatopn's Jewellery Boutique.
  7620 | D:10     | Bought a blade talisman for 480 gold pieces
  7797 | D:10     | Bought a +5 ring of evasion for 432 gold pieces
  7918 | Lair:1   | Entered Level 1 of the Lair of Beasts
  8168 | Lair:1   | Identified the +5 acid dragon scales of Analysis {Will+
                  | rCorr}
  8544 | Lair:1   | Reached skill level 10 in Unarmed Combat
  8556 | Lair:1   | Found a runed translucent gate.
  8556 | Lair:1   | Found a runed translucent gate.
  8556 | Lair:1   | Found a runed translucent gate.
  8557 | Lair:1   | Noticed howech's ghost (journeyman MiBe)
  8847 | Lair:1   | Reached skill level 12 in Shapeshifting
  9419 | Lair:2   | Reached XP level 12. HP: 122/122 MP: 11/11
  9882 | Lair:2   | Found a hide-covered altar of Uskayaw.
  9890 | Lair:2   | Noticed a boulder beetle
  9896 | Lair:2   | Killed a boulder beetle
  9994 | Lair:2   | Noticed Maggie
 10003 | Lair:2   | Killed Maggie
 10389 | Lair:2   | Found a staircase to the Snake Pit.
 10616 | Lair:2   | Reached skill level 13 in Shapeshifting
 11147 | Lair:3   | Found a staircase to the Swamp.
 12147 | Lair:4   | Found a viscous altar of Jiyva.
 12153 | Lair:4   | Found a staircase to the Slime Pits.
 12177 | Lair:4   | Reached XP level 13. HP: 103/131 MP: 12/12
 12661 | Lair:4   | Reached skill level 14 in Shapeshifting
 12876 | Lair:5   | Entered Level 5 of the Lair of Beasts
 12999 | Lair:5   | Reached skill level 10 in Fighting
 13281 | Lair:5   | Identified the +5 dagger "Rij Uqeo" {antimagic, *Noise
                  | +Blink rElec Int-4}
 13826 | Lair:5   | Reached XP level 14. HP: 144/144 MP: 13/13
 13829 | Lair:5   | Reached skill level 15 in Shapeshifting
 13988 | Lair:5   | Identified the +1 chain mail of the Evening {rN+ Str+3}
 14149 | D:11     | Found an ornate altar of the Wu Jian Council.
 14345 | D:11     | Identified the +1 sling "Dragonbane" {freeze, Will+++ rCorr
                  | Int-5 Dex+4}
 15182 | D:12     | Found a gate leading to a gauntlet.
 15191 | Gauntlet | Entered a Gauntlet
 15191 | Gauntlet | Found a transporter.
 15199 | Gauntlet | Found a transporter.
 15201 | Gauntlet | Found a transporter.
 15203 | Gauntlet | Found a transporter.
 15223 | Gauntlet | Found a transporter.
 15234 | Gauntlet | Found a transporter.
 15241 | Gauntlet | Found a transporter.
 15358 | Gauntlet | Found a transporter.
 15375 | Gauntlet | Found a transporter.
 15387 | Gauntlet | Found a transporter.
 15410 | Gauntlet | Found a transporter.
 15422 | Gauntlet | Found a transporter.
 15431 | Gauntlet | Found a transporter.
 15438 | Gauntlet | Noticed a quicksilver ooze
 15454 | Gauntlet | Found a transporter.
 15471 | Gauntlet | Found a transporter.
 15473 | Gauntlet | Found a transporter.
 15652 | Gauntlet | Found a transporter.
 15654 | Gauntlet | Found a transporter.
 15885 | Gauntlet | Identified the ring "Ixearel" {rC+ Will+}
 15984 | Gauntlet | Identified the +1 hat "Vihy" {rElec rPois Dex+2}
 16013 | Gauntlet | Found the +4 moon troll leather armour {Spirit, Regen++
                  | MP+5}
 16028 | Gauntlet | Got the Quarto of Guile
 16771 | D:13     | Noticed Sonja
 16773 | D:13     | Found Azaokk's Weapon Emporium.
 16775 | D:13     | Killed Sonja
 16776 | D:13     | Reached skill level 16 in Shapeshifting
 16967 | D:9      | Bought a manual of Fighting for 1040 gold pieces
 17103 | D:13     | Found a gate to the Vaults.
 17176 | D:13     | Reached XP level 15. HP: 156/156 MP: 14/14
 17977 | D:14     | Identified the +0 short sword of the Trees {elec, SInv}
 18617 | D:15     | Entered Level 15 of the Dungeon
 18994 | D:15     | Reached skill level 17 in Shapeshifting
 19253 | D:15     | Found a staircase to the Depths.
 19521 | Orc:1    | Entered Level 1 of the Orcish Mines
 19521 | Orc:1    | Noticed Gastronok
 19521 | Orc:1    | Noticed Josephine
 19576 | D:10     | Killed Josephine
 19596 | Orc:1    | Noticed Snorg
 19607 | D:10     | Killed Snorg
 19656 | Orc:1    | Killed Gastronok
 19884 | Orc:1    | You fall into a shaft and drop 1 floor!
 19884 | Orc:2    | Entered Level 2 of the Orcish Mines
 19920 | Orc:2    | Found a staircase to the Elven Halls.
 20297 | Orc:2    | Found Iklyot's Weapon Shoppe.
 20297 | Orc:2    | Found Ygryhuq's Assorted Antiques.
 20298 | Orc:2    | Found Dopu's Antique Armour Emporium.
 20302 | Orc:2    | Found Zuymmul's Armour Shoppe.
 20373 | Orc:2    | Found Radwap's Self-Improvement Boutique.
 20398 | Orc:2    | Bought a manual of Dodging for 1120 gold pieces
 21044 | Swamp:1  | Entered Level 1 of the Swamp
 21062 | Swamp:1  | Reached skill level 15 in Unarmed Combat
 21144 | Swamp:1  | Reached XP level 16. HP: 170/170 MP: 15/15
 21856 | Swamp:2  | Reached skill level 18 in Shapeshifting
 21885 | Swamp:2  | Found a frozen archway.
 21915 | IceCv    | Entered an ice cave
 22236 | IceCv    | Found the +8 mithril axe "Arga" {speed, Will+}
 23214 | Swamp:3  | Noticed a tentacled monstrosity
 23225 | Swamp:3  | Killed a tentacled monstrosity
 23226 | Swamp:3  | Reached skill level 15 in Fighting
 23449 | Swamp:3  | Noticed a thorn hunter
 23461 | Swamp:3  | Killed a thorn hunter
 23511 | Swamp:3  | Reached XP level 17. HP: 184/184 MP: 16/16
 24008 | Swamp:4  | Entered Level 4 of the Swamp
 24127 | Swamp:4  | Reached skill level 19 in Shapeshifting
 24512 | Swamp:4  | Noticed the 27-headed Lernaean hydra
 24522 | Swamp:4  | Killed the 26-headed Lernaean hydra
 24616 | Swamp:4  | Got a decaying rune of Zot
 25177 | Depths:1 | Entered Level 1 of the Depths
 25347 | Depths:1 | Reached skill level 5 in Dodging
 25437 | Depths:1 | Found a one-way gate to the infinite horrors of the Abyss.
 25930 | Depths:1 | Found a gateway to Hell.
 26472 | Depths:2 | Noticed a titan
 26487 | Depths:2 | Reached XP level 18. HP: 190/196 MP: 10/17
 26575 | Depths:2 | Noticed a caustic shrike
 26585 | Depths:2 | Killed a caustic shrike
 26717 | Depths:2 | Reached skill level 20 in Shapeshifting
 27003 | Depths:2 | Identified the +5 cloak "Aprytiuf" {rElec}
 27037 | Depths:2 | Noticed a golden dragon
 27042 | Depths:2 | Killed a golden dragon
 27228 | Depths:2 | Found a one-way gate leading to the halls of Pandemonium.
 27639 | Depths:3 | Found a one-way gateway to a ziggurat.
 27688 | Depths:3 | Paralysed by a floating eye for 2 turns
 27730 | Depths:3 | Paralysed by a floating eye for 3 turns
 27735 | Depths:3 | Paralysed by a floating eye for 4 turns
 27891 | Depths:3 | Noticed a golden dragon
 27896 | Depths:3 | Killed a golden dragon
 27924 | Depths:3 | Identified the +3 leather armour "Zajioth" {-Tele Will+
                  | Str+3}
 27924 | Depths:3 | Identified the ring "Caymoll" {rF+ rC+ Dex+2}
 27987 | Depths:3 | Found a shadowy altar of Dithmenos.
 28100 | Depths:3 | Noticed a pearl dragon
 28120 | Depths:3 | Killed a pearl dragon
 28285 | Depths:3 | Identified the +11 quarterstaff of the Chickpea {freeze,
                  | rPois Str+8 Int-5 Stlth-}
 28729 | Depths:3 | Found Big Baal Hell's Store.
 28900 | Depths:4 | Entered Level 4 of the Depths
 28914 | Depths:4 | Reached XP level 19. HP: 206/206 MP: 18/18
 29468 | Depths:4 | Reached skill level 10 in Dodging
 29531 | Depths:4 | Noticed a golden dragon
 29540 | Depths:4 | Killed a golden dragon
 29584 | Depths:4 | Found a gate to the Realm of Zot.
 30160 | Depths:4 | Bought a scroll of fog for 72 gold pieces
 30160 | Depths:4 | Bought a scroll of teleportation for 54 gold pieces
 30167 | Depths:4 | Bought the ring of the Kappa {rC++ MP+9 EV+5 Stlth+} for
                  | 1150 gold pieces
 30171 | Depths:4 | Bought a potion of heal wounds for 80 gold pieces
 30171 | Depths:4 | Bought a potion of mutation for 128 gold pieces
 30171 | Depths:4 | Bought a potion of might for 64 gold pieces
 30171 | Depths:4 | Bought a potion of invisibility for 128 gold pieces
 30171 | Depths:4 | Bought a potion of curing for 48 gold pieces
 30171 | Depths:4 | Bought a potion of heal wounds for 80 gold pieces
 30171 | Depths:4 | Bought a potion of enlightenment for 80 gold pieces
 30171 | Depths:4 | Bought a potion of haste for 160 gold pieces
 30464 | Snake:1  | Entered Level 1 of the Snake Pit
 30507 | Snake:1  | Reached skill level 21 in Shapeshifting
 30681 | Snake:1  | Found a basalt altar of Yredelemnul.
 30723 | Snake:1  | Identified the +0 robe of the Baku {Str+8}
 31953 | Snake:3  | Noticed Bai Suzhen
 31965 | Snake:2  | Killed Bai Suzhen
 32353 | Snake:3  | Noticed Aizul
 32359 | Snake:3  | Killed Aizul
 32470 | Snake:3  | Noticed Vashnia
 32500 | Snake:3  | Killed Vashnia
 32716 | Snake:3  | Found Emunwimp's Antique Armour Emporium.
 32932 | Snake:4  | Entered Level 4 of the Snake Pit
 32958 | Snake:4  | Reached XP level 20. HP: 218/218 MP: 19/19
 34102 | Snake:4  | Got a serpentine rune of Zot
 34229 | Snake:4  | Acquired 1188 gold pieces
 34472 | Elf:1    | Entered Level 1 of the Elven Halls
 34701 | Elf:1    | Got Sif Muna's Precepts of Leadership
 34716 | Elf:1    | Noticed Zenata
 34720 | Elf:1    | Killed Zenata
 34721 | Elf:1    | Reached skill level 22 in Shapeshifting
 34911 | Elf:1    | Found Wech's Antique Weapon Boutique.
 34913 | Elf:1    | Found Susaiw's Book Shop.
 34916 | Elf:1    | Found Fountumm's Assorted Antiques.
 34923 | Elf:1    | Bought a potion of berserk rage for 210 gold pieces
 34923 | Elf:1    | Bought a scroll of enchant armour for 315 gold pieces
 34923 | Elf:1    | Bought a scroll of revelation for 315 gold pieces
 35222 | Elf:2    | Found a runed translucent gate.
 35223 | Elf:2    | Found a runed translucent gate.
 35223 | Elf:2    | Found a runed translucent gate.
 35227 | Elf:2    | Paralysed by an air elemental for 1 turns
 35231 | Elf:2    | Paralysed by an air elemental for 1 turns
 35275 | Elf:2    | Noticed Donald
 35282 | Elf:2    | Killed Donald
 35870 | Elf:2    | Gained mutation: You have hidden genetic defects.
                  | [mutagenic glow]
 35880 | Elf:2    | Gained mutation: Your body sometimes deteriorates upon
                  | taking damage. [mutagenic glow]
 35938 | Elf:2    | Lost mutation: Your body sometimes deteriorates upon taking
                  | damage. [potion of mutation]
 35938 | Elf:2    | Lost mutation: You have hidden genetic defects. [potion of
                  | mutation]
 35938 | Elf:2    | Gained mutation: You have an increased reservoir of magic.
                  | (+10% MP) [potion of mutation]
 35938 | Elf:2    | Gained mutation: Your muscles are strong. (Str +4, Int/Dex
                  | -1) [potion of mutation]
 35938 | Elf:2    | Gained mutation: Your spells are a little harder to cast,
                  | but a little more powerful. [potion of mutation]
 36409 | Elf:3    | Entered Level 3 of the Elven Halls
 36427 | Elf:3    | Paralysed by an air elemental for 1 turns
 36461 | Elf:3    | Reached XP level 21. HP: 230/230 MP: 22/22
 36614 | Abyss:2  | Cast into level 2 of the Abyss (a deep elf sorcerer)
 36936 | Abyss:2  | Gained mutation: You are frail. (-10% HP) [a neqoxec]
 36968 | Abyss:2  | Gained mutation: You are very frail. (-20% HP) [a neqoxec]
 36972 | Abyss:2  | Gained mutation: You are vulnerable to heat. (rF-) [a
                  | neqoxec]
 36975 | Abyss:2  | Lost mutation: You have an increased reservoir of magic.
                  | (+10% MP) [potion of mutation]
 36975 | Abyss:2  | Lost mutation: You are very frail. (-20% HP) [potion of
                  | mutation]
 36975 | Abyss:2  | Lost mutation: Your muscles are strong. (Str +4, Int/Dex
                  | -1) [potion of mutation]
 36975 | Abyss:2  | Lost mutation: Your spells are a little harder to cast, but
                  | a little more powerful. [potion of mutation]
 36976 | Abyss:2  | Lost mutation: You are frail. (-10% HP) [potion of
                  | mutation]
 36976 | Abyss:2  | Lost mutation: You are vulnerable to heat. (rF-) [potion of
                  | mutation]
 36976 | Abyss:2  | Gained mutation: Your system is resistant to poisons.
                  | (rPois) [potion of mutation]
 36976 | Abyss:2  | Gained mutation: You are partially covered in iridescent
                  | scales. (AC +2) [potion of mutation]
 37076 | Abyss:2  | Gained mutation: Your body sometimes deteriorates upon
                  | taking damage. [a neqoxec]
 37080 | Abyss:2  | Gained mutation: Your spells are a little easier to cast,
                  | but a little less powerful. [a neqoxec]
 37085 | Abyss:2  | Gained mutation: Your body often deteriorates upon taking
                  | damage. [a neqoxec]
 37178 | Elf:3    | Escaped the Abyss
 37179 | Elf:3    | Lost mutation: Your body often deteriorates upon taking
                  | damage. [potion of mutation]
 37179 | Elf:3    | Lost mutation: Your body sometimes deteriorates upon taking
                  | damage. [potion of mutation]
 37179 | Elf:3    | Gained mutation: Your flesh is cold resistant. (rC+)
                  | [potion of mutation]
 37179 | Elf:3    | Gained mutation: Your flesh is very cold resistant. (rC++)
                  | [potion of mutation]
 37179 | Elf:3    | Gained mutation: You are somewhat resistant to further
                  | mutation. [potion of mutation]
 37236 | Elf:3    | Identified the +4 flail of Hisol {pain, rC- rCorr Int+3}
 37265 | Elf:3    | HP: 10/300 [deep elf annihilator/entropic shot (64)]
 37557 | Elf:3    | Identified the +8 dagger of Vanity {flame, rElec Str+7}
 37558 | Elf:3    | Identified the +1 hand axe of Roehilaf {speed, Int+2}
 37563 | Elf:3    | Identified the staff "Dourac" {Str+6 Int-4 Stlth+ Conj}
 37573 | Elf:3    | Identified the staff of Ignis's Anger {rPois rCorr Poison}
 37576 | Elf:3    | Identified the +3 quarterstaff of Diomnih {freeze, rF+
                  | Stlth+}
 37585 | Elf:3    | Identified the amulet of Happiness {Faith Harm +Blink
                  | Regen+ Dex+3}
 37589 | Elf:3    | Got the Enchiridion on Assembling
 37622 | Elf:3    | Identified the +6 hand axe of Unreason {vamp, rElec rPois}
 37783 | Elf:3    | Found Wanwum's Weapon Emporium.
 38172 | Slime:1  | Entered Level 1 of the Pits of Slime
 38384 | Slime:2  | Reached skill level 1 in Shields
 38679 | Slime:3  | HP: 11/346 [very large slime creature (7)]
 38679 | Slime:3  | HP: 3/346 [quicksilver ooze (8)]
 38679 | Slime:3  | Slain by a quicksilver ooze

Illustrated notes

Levels and vault maps discovered:
D:1:      amcnicky_arrival_single_pillar, layout_rooms,
          shapermc_ecumenical_altar_petra
D:2:      layout_loops_ring
D:3:      layout_loops_ring, lemuel_coloured_pillars_altar,
          grunt_temple_overflow_open, chequers_serial_rivers_small_b,
          st_stairs_12
D:4:      layout_basic, minmay_temple_entry_tees, uniq_ijyb, uniq_sigmund
D:5:      layout_loops_corners
D:6:      layout_cave_pools, grunt_qazlal_clouds
D:7:      layout_loops_corners, mainiacjoe_overflow_small_starburst,
          grunt_ministairs_6, uniq_crazy_yiuf_cottage
D:8:      layout_basic, grunt_lair_entry_orc_guard_hut, serial_nicolae_subway,
          nicolae_sub_station_metal, nicolae_sub_station_crystal,
          nicolae_sub_station_stone
D:9:      layout_cave_pools, kennysheep_little_box, serial_column_ruins,
          column_ruins_square_large, column_ruins_open_small,
          column_ruins_corridor_corner, column_ruins_open_tiny,
          column_ruins_columns_corner, column_ruins_open_tiny,
          column_ruins_columns_corner, uniq_harold
D:10:     layout_rooms, zin_angel, nemelex_xobeh_ov_fountains_minmay,
          orc_0_dummy, serial_shops, nicolae_shop_tiny_waterfront, uniq_joseph
D:11:     wad_statue_garden, layout_long_grid, nicolae_wu_jian_glorious_leap
D:12:     layout_loops_corners, gauntlet_entry_generic
D:13:     layout_loops_corners, erik_vaults_2, serial_shops,
          nicolae_shop_scrapyard, uniq_sonja
D:14:     layout_loops_cross
D:15:     grunt_enter_depths_magical_seal, layout_loops_ring,
          minmay_misc_feat_enclosed
Lair:1:   dreamdust_cave_troll, layout_long_grid, ebering_ghost_rock_garden,
          grunt_megastairs_1
Lair:2:   layout_regular_city, nicolae_snake_entry_warm_welcome, basic_altar,
          nicolae_volcano_entry_batcave, uniq_maggie
Lair:3:   layout_regular_city, minmay_swamp_entry_eels,
          nicolae_quartered_pool_medium
Lair:4:   layout_roguey, nicolae_slime_entry_field_trip, minivault_19
Lair:5:   grunt_lair_end_beastmaster, layout_regular_city, grunt_megastairs_3
Swamp:1:  layout_basic_swamp, evilmike_swamp_ruin_house_3
Swamp:2:  layout_basic_swamp, portal_ice_cave_entry_ugly_swarm,
          evilmike_swamp_ruin_house_5, nicolae_swamp_frolicking_bunyips
Swamp:3:  layout_falls_marsh, serial_swamp_ruin, evilmike_swamp_ruin_rubble_1,
          evilmike_swamp_ruin_house_1, swamp_pool4, nicolae_swamp_spriggan_camp
Swamp:4:  swamp_alternative, layout_basic_swamp, swamp_pool1,
          nicolae_swamp_bean_lake
Snake:1:  layout_misc_corridors, basic_altar, serial_bayou_lagoon_a
Snake:2:  layout_onion_interference, nicolae_snake_biting_tails
Snake:3:  layout_rooms, serial_shops, shop, nicolae_snake_bzzzt, uniq_aizul,
          uniq_vashnia, uniq_bai_suzhen
Snake:4:  minmay_snake_end_coiled, layout_cave_town, nicolae_snake_boneroom
Slime:1:  layout_caves
Slime:2:  layout_caves
Slime:3:  layout_caves
Orc:1:    layout_caves, nicolae_orc_crystal_geode, uniq_snorg, uniq_gastronok,
          uniq_josephine
Orc:2:    st_orc_mages, layout_caves, nicolae_shop_self_help
Elf:1:    layout_loops_cross, minmay_elf_demonology, minmay_shop_star,
          uniq_zenata
Elf:2:    elven_hall_of_blades_hangedman_original [nicolae_blade_tridents],
          layout_geoelf_grid, kilobyte_mutagenic_chamber, uniq_donald
Elf:3:    minmay_elf_hall_quartered_circle, layout_geoelf_grid, serial_shops,
          shop_fountains
Depths:1: layout_gridlike, minmay_misc_feat_alley, hangedman_geh_valley,
          abyss_entry_crystal, chequers_serial_rivers_micro_a,
          serial_sigils_hangedman_gut, lemuel_flame_loot_1
Depths:2: nicolae_legendary_halls, layout_cave_pools, grunt_pan_entry_sceptre,
          abyss_entry_small_statue_room, dk_noncrumbling_3,
          grunt_mini_vestibule, minmay_staircase_statues
Depths:3: minmay_the_grid_net [minmay_the_grid_gridbox,
          minmay_the_grid_square_x, minmay_the_grid_dragon_b,
          minmay_the_grid_medium_cups, minmay_the_grid_garden,
          minmay_the_grid_prize_shrinking_boxes], layout_basic,
          enter_ziggurat_f, minmay_tree_intersection, pan_entry, abyss_entry,
          nicolae_hell_entry_big_baal_hell, minmay_misc_feat_x,
          grunt_dithmenos_smoke
Depths:4: evilmike_zot_entry_hall, layout_honeycomb, pan_entry,
          grunt_hell_entry_dis_old, hangedman_decor_diamond_cutter,
          grunt_ministairs_12

Skill      XL: |  1  2  3  4  5  6  7  8  9 10 11 12 13 14 15 16 17 18 19 20 21 |
---------------+----------------------------------------------------------------+-----
Fighting       | 1 2 3 4 6 7 8 9 10 11 13 15 16 17 18 | 18.4
Shapeshifting  | 4 5 6 7 9 10 12 13 14 16 17 18 19 20 21 22 | 22.9
Unarmed Combat | 4 5 6 8 9 10 11 12 13 15 16 17 18 19 | 19.6
Dodging        | 6 9 11 12 | 12.6
Shields        | 1 |  1.1

Action                     |  1- 3 |  4- 6 |  7- 9 | 10-12 | 13-15 | 16-18 | 19-21 || total
---------------------------+-------+-------+-------+-------+-------+-------+-------++-------
  Melee: Unarmed           |    72 |   105 |   231 |   514 |   799 |   891 |  1100 ||  3712
         Punch             |     1 |       |    10 |    33 |    61 |    94 |   119 ||   318
 Invoke: Call Merchant     |       |       |       |     1 |       |       |     4 ||     5
         Potion Petition   |       |       |       |       |     1 |     2 |     3 ||     6
    Use: Scroll            |       |    10 |     2 |     9 |    10 |     4 |    10 ||    45
         Potion            |       |       |     3 |     6 |     2 |     9 |    18 ||    38
   Stab: Distracted        |       |     1 |     2 |     2 |     5 |     8 |     9 ||    27
         Sleeping          |       |     1 |     1 |       |     1 |       |     3 ||     6
         Invisible         |       |       |       |       |       |       |     1 ||     1
 Armour: Animal skin       |    21 |     8 |    36 |    47 |     1 |       |       ||   113
         Skin              |       |       |       |       |   655 |   885 |   765 ||  2305
  Dodge: Dodged            |    28 |    29 |    81 |   267 |   654 |   837 |  1086 ||  2982
  Block: Other             |    13 |    17 |    33 |   113 |   242 |   241 |   281 ||   940
         Reflection        |     1 |       |     1 |     2 |     5 |     2 |    25 ||    36
   Form: Blade             |       |       |       |     1 |       |       |       ||     1
         Statue            |       |       |       |       |     1 |       |       ||     1

Table legend: (Time is in decaauts)
 A = Elapsed time spent in this place.
 B = Non-inter-level travel time spent in this place.
 C = Inter-level travel time spent in this place.
 D = Time resting spent in this place.
 E = Time spent auto-exploring this place.
 F = Levels seen in this place.
 G = Mean time per level.
                   A        B        C        D        E       F      G
               +--------+--------+--------+--------+--------+-----+--------+
         Total |  50319 |  45489 |   4830 |   1163 |  34265 |  43 | 1170.2 |
       Dungeon |  15412 |  13525 |   1887 |    230 |  10790 |  15 | 1027.5 |
          Lair |   7514 |   6218 |   1296 |    176 |   4886 |   5 | 1502.8 |
         Swamp |   4704 |   4337 |    367 |     28 |   3367 |   4 | 1176.0 |
     Snake Pit |   5538 |   5259 |    279 |      0 |   4126 |   4 | 1384.5 |
    Slime Pits |    714 |    671 |     43 |      0 |    460 |   3 |  238.0 |
  Orcish Mines |   1865 |   1625 |    240 |      0 |   1288 |   2 |  932.5 |
   Elven Halls |   4288 |   3851 |    437 |    201 |   2647 |   3 | 1429.3 |
        Depths |   7328 |   7050 |    278 |      4 |   5661 |   4 | 1832.0 |
         Abyss |    770 |    770 |      0 |      0 |    356 |   1 |  770.0 |
      Ice Cave |    912 |    912 |      0 |      0 |    676 |   1 |  912.0 |
      Gauntlet |   1268 |   1268 |      0 |    523 |      3 |   1 | 1268.0 |
               +--------+--------+--------+--------+--------+-----+--------+

Top non-repeatable levels by time:
 Snake:4: 1945 daAuts
Depths:3: 1885 daAuts
Depths:4: 1874 daAuts
Depths:2: 1813 daAuts
   Elf:2: 1784 daAuts
Depths:1: 1755 daAuts
  Lair:1: 1718 daAuts
  Lair:5: 1702 daAuts
    D:11: 1673 daAuts
  Lair:2: 1558 daAuts
    D:13: 1508 daAuts
   Elf:3: 1400 daAuts
 Snake:3: 1357 daAuts
  Lair:3: 1313 daAuts
     D:8: 1307 daAuts
